Toranaga, lawful male human Samurai ----------- |.........+ ######################################### |.........| # # ----- |.....<....# # ###|...| -------.---### # #....| # # # |.).| # ### # ####.....# # # # -----# ### # --- # # # @ .... # # ##) ... # # --------+- ) ... # # |.>........ ##) ..- # # | # ...| # ## #|...| # #-------- #....| ##### #-......| |...- |.^....| ..... |).....| ------ -------- Toranaga the Ninja Experience level: 6 Strength: 18 Dexterity: 15 Constitution: 18 Intelligence: 10 Wisdom: 11 Charisma: 7 Health: 0(59) Energy: 23(23) AC: 4 Gold: 274 Moves: 1780 Your Inventory: Coins $ - 274 gold pieces Weapons a - an uncursed +0 katana b - an uncursed +3 wakizashi (alternate weapon; not wielded) c - an uncursed +0 yumi (weapon in hand) d - 21 uncursed +0 ya n - 4 [cursed -1] arrows C - 3 [uncursed +0] daggers D - 27 [uncursed +0] arrows (in quiver) E - 28 [blessed +0] arrows Armor e - a blessed rustproof +0 splint mail (being worn) Comestibles H - an [uncursed] gunyoki Scrolls k - a [blessed] scroll labeled HAPAX LEGOMENON [of food detection] l - an [uncursed] scroll labeled VELOX NEB [of create monster] w - an [uncursed] scroll labeled ETAOIN SHRDLU [of magic mapping] A - an [uncursed] scroll labeled ASHPD [of charging] Potions o - a blessed clear potion [of holy water] G - an [uncursed] icy potion [of blindness] Wands m - an [uncursed] wand of digging [0:2] Tools f - an uncursed blindfold r - an [uncursed] magic marker [0:30] F - an [uncursed oil] lamp K - an [uncursed] partly used [tallow] candle (lit) Gems y - 2 [uncursed] black gems [worthless glass] z - an [uncursed] green gem [worthless glass] I - an [uncursed] orange gem [worthless glass] Spells known in the end: Name Level Category Fail Memory Your skills at the end: Fighting Skills martial arts [Basic / Master] Weapon Skills short sword [Basic / Expert] long sword [Basic / Expert] bow [Basic / Expert] Spellcasting Skills Final Attributes: You were devoutly aligned. Hunger level was 145. Your alignment was 16 / 18. Monster difficulty range was 1 - 6. Level difficulty was 6. You were fast. Your luck was zero. You are dead. Vanquished creatures: a small mimic a gnome king a shrieker 3 gnome lords a gnomish wizard 2 dwarf zombies a hobgoblin a yellow mold 20 gnomes a gecko a kobold 3 sewer rats 2 grid bugs 2 bats a lichen 2 newts 43 creatures vanquished. Voluntary challenges: You used a wielded weapon 32 times. You read items or engraved 2 times. You put on armor 4 times. You never genocided any monsters. You never polymorphed an object. You never changed form. You used no wishes. You wrote Elbereth's name 1 time. You never encountered a bones level. You never used any Sokoban shortcuts. Dungeon overview: The Dungeons of Doom: levels 1 to 4 Level 1 an altar to Amaterasu Omikami a long staircase Level 3 a general store stairs to The Gnomish Mines The Gnomish Mines: levels 4 to 6 Level 4 stairs to The Dungeons of Doom Level 6 <- You were here History has recorded: On T:1 you entered the Dungeons of Doom to retrieve the Amulet of Yendor! On T:38 you reached level 2 of The Dungeons of Doom. On T:380 you reached level 3 of The Dungeons of Doom. On T:600 you advanced to experience level 2. On T:607 you reached level 4 of The Dungeons of Doom. On T:621 you advanced to experience level 3. On T:697 you advanced to experience level 4. On T:772 you reached level 1 of The Gnomish Mines. On T:791 you advanced to experience level 5. On T:1279 you advanced to experience level 6. On T:1481 you reached level 2 of The Gnomish Mines. On T:1576 you reached level 3 of The Gnomish Mines. Latest messages: c - an uncursed +0 yumi (weapon in hand). The gnome king hits! You are beginning to feel hungry. [HP-7=39] [HP+1=40] The arrow hits it. The gnome king throws 3 darts! You are hit by the 1st dart. You are hit by the 2nd dart. You are almost hit by the 3rd dart. [HP-2=38] The gnome king throws 3 darts! You are hit by the 1st dart. You are almost hit by the 2nd dart. You are almost hit by the 3rd dart. [HP-3=35] The arrow misses the gnome king. You hear a horn being played. The gnome king is killed by the bolt of fire! The bolt of fire hits you! You die... Final status: Sayonara Toranaga the Samurai... You died in The Gnomish Mines on dungeon level 6 with 1101 points, and 274 pieces of gold, after 1780 moves. You were level 6 with a maximum of 59 hit points when you died.